TOP OF THE 1ST |
Los Angeles (NYP) Dodgers batting - Pitching for Cincinnati (NYP) Reds : LHP Bill Cooksey
|
Pitching: LHP Bill Cooksey
|
|
Batting: RHB Theo Schepers
|
0-0: Ball 1-0: Foul Ball, location: 2F 1-1: Swinging Strike 1-2: Foul Ball, location: 2F 1-2: Foul Ball, location: 2F 1-2: Ball 2-2: Ball 3-2: Fly out, F8 (Flyball, 8LD, EV 101.2 MPH)
|
Batting: RHB Ruben Serrata
|
0-0: Called Strike 0-1: Fly out, F7 (Flyball, 7D, EV 73.1 MPH)
|
Batting: SHB Guy Jerome
|
0-0: Ball 1-0: Ball 2-0: Called Strike 2-1: Ball 3-1: Called Strike 3-2: Fly out, F8 (Flyball, 8RD, EV 90.0 MPH)
|
Top of the 1st over - 0 runs, 0 hits, 0 errors, 0 left on base; Los Angeles (NYP) 0 - Cincinnati (NYP) 0 |
BOTTOM OF THE 1ST |
Cincinnati (NYP) Reds batting - Pitching for Los Angeles (NYP) Dodgers : RHP Alberto Castillo
|
Pitching: RHP Alberto Castillo
|
|
Batting: RHB Juan Zamora
|
0-0: Ball 1-0: Ball 2-0: Called Strike 2-1: Foul Ball, location: 2F 2-2: Ball 3-2: Foul Ball, location: 2F 3-2: DOUBLE (Line Drive, 7LS, EV 113.8 MPH)
|
Batting: RHB Sang-ton Pak
|
0-0: Foul Ball, location: 2F 0-1: Ground out 6-3 (Groundball, 6, EV 101.9 MPH)
|
Batting: LHB Matt Kennedy
|
0-0: Ball 1-0: Ball 2-0: 2-RUN HOME RUN (Flyball, 9D, EV 98.1 MPH), Distance : 392 ft
|
Batting: RHB Pat McCoy
|
0-0: Swinging Strike 0-1: Foul Ball, location: 2F 0-2: Ball 1-2: Foul Ball, location: 2F 1-2: Strikes out swinging, 2-3 out at first.
|
Batting: RHB Ben Hinman
|
0-0: Ground out U3 (Groundball, 34, EV 82.5 MPH)
|
Bottom of the 1st over - 2 runs, 2 hits, 0 errors, 0 left on base; Los Angeles (NYP) 0 - Cincinnati (NYP) 2 |
TOP OF THE 2ND |
Los Angeles (NYP) Dodgers batting - Pitching for Cincinnati (NYP) Reds : LHP Bill Cooksey
|
Batting: RHB Manny Mendoza
|
0-0: Swinging Strike 0-1: Ball 1-1: Foul Ball, location: 2F 1-2: Ball 2-2: Strikes out looking
|
Batting: LHB Chris Buchan
|
0-0: Foul Ball, location: 2F 0-1: Swinging Strike 0-2: Strikes out swinging
|
Batting: RHB Javier Solis
|
0-0: Called Strike 0-1: Called Strike 0-2: Fly out, F1 (Line Drive, P, EV 76.2 MPH)
|
Top of the 2nd over - 0 runs, 0 hits, 0 errors, 0 left on base; Los Angeles (NYP) 0 - Cincinnati (NYP) 2 |
BOTTOM OF THE 2ND |
Cincinnati (NYP) Reds batting - Pitching for Los Angeles (NYP) Dodgers : RHP Alberto Castillo
|
Batting: SHB Jaivata Mohanty
|
0-0: Ball 1-0: SOLO HOME RUN (Flyball, 7D, EV 95.6 MPH), Distance : 386 ft
|
Batting: LHB Brian Dickeson
|
0-0: Ball 1-0: DOUBLE (Groundball, 3L, EV 101.9 MPH)
|
Batting: RHB Cyd Carver
|
0-0: Ball 1-0: Foul Ball, location: 2F 1-1: Ball 2-1: Ball 3-1: Called Strike 3-2: Strikes out looking
|
Batting: RHB John Hopkins
|
0-0: Swinging Strike 0-1: Called Strike 0-2: Ball 1-2: Ground out 5-3 (Groundball, 56, EV 86.2 MPH)
|
Batting: RHB Juan Zamora
|
0-0: TRIPLE (Flyball, 78XD, EV 98.1 MPH) Brian Dickeson scores
|
Batting: RHB Sang-ton Pak
|
0-0: Ball 1-0: 2-RUN HOME RUN (Flyball, 7LD, EV 99.4 MPH), Distance : 363 ft
|
Batting: LHB Matt Kennedy
|
0-0: Ground out 4-3 (Groundball, 4M, EV 77.5 MPH)
|
Bottom of the 2nd over - 4 runs, 4 hits, 0 errors, 0 left on base; Los Angeles (NYP) 0 - Cincinnati (NYP) 6 |
TOP OF THE 3RD |
Los Angeles (NYP) Dodgers batting - Pitching for Cincinnati (NYP) Reds : LHP Bill Cooksey
|
Batting: LHB Fernão Manta
|
0-0: Ball 1-0: Ball 2-0: Called Strike 2-1: Swinging Strike 2-2: Foul Ball, location: 2F 2-2: SINGLE (Groundball, 4MD, EV 102.5 MPH)
|
Batting: LHB Jim Jardine
|
0-0: Called Strike 0-1: Ball 1-1: Swinging Strike 1-2: Strikes out swinging
|
Batting: RHB Kekoa Kahele
|
0-0: Fielders Choice at 2nd, 4-6 (Groundball, 34, EV 83.8 MPH)
|
Batting: RHB Theo Schepers
|
0-0: Ball 1-0: Ground out 1-3 (Groundball, 13S, EV 68.1 MPH)
|
Top of the 3rd over - 0 runs, 1 hit, 0 errors, 1 left on base; Los Angeles (NYP) 0 - Cincinnati (NYP) 6 |
BOTTOM OF THE 3RD |
Cincinnati (NYP) Reds batting - Pitching for Los Angeles (NYP) Dodgers : RHP Alberto Castillo
|
Batting: RHB Pat McCoy
|
0-0: Ball 1-0: Foul Ball, location: 2F 1-1: Ball 2-1: Foul Ball, location: 2F 2-2: Ball 3-2: Base on Balls
|
Pitching: RHP Gabe Pomales
|
|
Batting: RHB Ben Hinman
|
0-0: Swinging Strike 0-1: Ball 1-1: Foul Ball, location: 2F 1-2: Strikes out swinging
|
Batting: SHB Jaivata Mohanty
|
0-0: Foul Ball, location: 2F 0-1: Foul Ball, location: 2F 0-2: Foul Ball, location: 2F 0-2: Ball 1-2: Foul Ball, location: 2F 1-2: Ball 2-2: Fly out, F7 (Flyball, 7LM, EV 91.9 MPH)
|
Batting: LHB Brian Dickeson
|
0-0: Called Strike 0-1: Ball 1-1: Called Strike 1-2: Foul Ball, location: 2F 1-2: Foul Ball, location: 2F 1-2: Ball 2-2: Foul Ball, location: 2F 2-2: Fly out, F8 (Line Drive, 8LD, EV 88.1 MPH)
|
Bottom of the 3rd over - 0 runs, 0 hits, 0 errors, 1 left on base; Los Angeles (NYP) 0 - Cincinnati (NYP) 6 |
TOP OF THE 4TH |
Los Angeles (NYP) Dodgers batting - Pitching for Cincinnati (NYP) Reds : LHP Bill Cooksey
|
Batting: RHB Ruben Serrata
|
0-0: Ball 1-0: Ball 2-0: Called Strike 2-1: Swinging Strike 2-2: Foul Ball, location: 2F 2-2: Ball 3-2: Strikes out swinging
|
Batting: SHB Guy Jerome
|
0-0: Ball 1-0: Fly out, F8 (Flyball, 8LM, EV 80.0 MPH)
|
Batting: RHB Manny Mendoza
|
0-0: Ball 1-0: Called Strike 1-1: Ball 2-1: Ball 3-1: Called Strike 3-2: Foul Ball, location: 2F 3-2: Ground out 6-3 (Groundball, 6, EV 86.9 MPH)
|
Top of the 4th over - 0 runs, 0 hits, 0 errors, 0 left on base; Los Angeles (NYP) 0 - Cincinnati (NYP) 6 |
BOTTOM OF THE 4TH |
Cincinnati (NYP) Reds batting - Pitching for Los Angeles (NYP) Dodgers : RHP Gabe Pomales
|
Batting: RHB Cyd Carver
|
0-0: Foul Ball, location: 2F 0-1: Ball 1-1: Foul Ball, location: 2F 1-2: Ball 2-2: Strikes out swinging, 2-3 out at first.
|
Batting: RHB John Hopkins
|
0-0: Called Strike 0-1: Ball 1-1: Swinging Strike 1-2: Strikes out swinging
|
Batting: RHB Juan Zamora
|
0-0: Ball 1-0: Called Strike 1-1: Ball 2-1: SINGLE (Groundball, 6MS, EV 63.8 MPH) (infield hit)
|
Batting: RHB Sang-ton Pak
|
0-0: Ball 1-0: Called Strike 1-1: Foul Ball, location: 2F 1-2: Ball 2-2: Strikes out swinging
|
Bottom of the 4th over - 0 runs, 1 hit, 0 errors, 1 left on base; Los Angeles (NYP) 0 - Cincinnati (NYP) 6 |
TOP OF THE 5TH |
Los Angeles (NYP) Dodgers batting - Pitching for Cincinnati (NYP) Reds : LHP Bill Cooksey
|
Batting: LHB Chris Buchan
|
0-0: Ball 1-0: Called Strike 1-1: Ball 2-1: Ball 3-1: Base on Balls
|
Batting: RHB Javier Solis
|
0-0: Grounds into double play, 4-6-3 (Groundball, 4, EV 81.9 MPH)
|
Batting: LHB Fernão Manta
|
0-0: Called Strike 0-1: Foul Ball, location: 2F 0-2: SINGLE (Groundball, 5D, EV 93.8 MPH)
|
Batting: LHB Jim Jardine
|
0-0: Called Strike 0-1: Ball 1-1: Foul Ball, location: 2F 1-2: Strikes out swinging
|
Top of the 5th over - 0 runs, 1 hit, 0 errors, 1 left on base; Los Angeles (NYP) 0 - Cincinnati (NYP) 6 |
BOTTOM OF THE 5TH |
Cincinnati (NYP) Reds batting - Pitching for Los Angeles (NYP) Dodgers : RHP Gabe Pomales
|
Batting: LHB Matt Kennedy
|
0-0: Ground out 6-3 (Groundball, 56, EV 87.5 MPH)
|
Batting: RHB Pat McCoy
|
0-0: Ball 1-0: Called Strike 1-1: Ground out 4-3 (Groundball, 4, EV 100.6 MPH)
|
Batting: RHB Ben Hinman
|
0-0: Ball 1-0: Called Strike 1-1: Called Strike 1-2: Ball 2-2: Foul Ball, location: 2F 2-2: Foul Ball, location: 2F 2-2: Strikes out swinging
|
Bottom of the 5th over - 0 runs, 0 hits, 0 errors, 0 left on base; Los Angeles (NYP) 0 - Cincinnati (NYP) 6 |
TOP OF THE 6TH |
Los Angeles (NYP) Dodgers batting - Pitching for Cincinnati (NYP) Reds : LHP Bill Cooksey
|
Batting: RHB Kekoa Kahele
|
0-0: Ball 1-0: Foul Ball, location: 2F 1-1: Ball 2-1: Foul Ball, location: 2F 2-2: Strikes out swinging
|
Batting: RHB Theo Schepers
|
0-0: Fly out, F9 (Flyball, 9D, EV 88.8 MPH)
|
Batting: RHB Ruben Serrata
|
0-0: SINGLE (Groundball, 56, EV 98.1 MPH)
|
Batting: SHB Guy Jerome
|
0-0: Ground out U3 (Groundball, 3L, EV 91.9 MPH)
|
Top of the 6th over - 0 runs, 1 hit, 0 errors, 1 left on base; Los Angeles (NYP) 0 - Cincinnati (NYP) 6 |
BOTTOM OF THE 6TH |
Cincinnati (NYP) Reds batting - Pitching for Los Angeles (NYP) Dodgers : RHP Gabe Pomales
|
Batting: SHB Jaivata Mohanty
|
0-0: Foul Ball, location: 2F 0-1: Swinging Strike 0-2: Ball 1-2: Strikes out swinging
|
Batting: LHB Brian Dickeson
|
0-0: Called Strike 0-1: Called Strike 0-2: Ball 1-2: Ball 2-2: Ball 3-2: Foul Ball, location: 2F 3-2: Base on Balls
|
Pitching: RHP Troy Conners
|
|
Batting: RHB Cyd Carver
|
0-0: Fielders Choice at 2nd, 3-6 (Groundball, 34, EV 84.4 MPH)
|
Batting: RHB John Hopkins
|
0-0: Called Strike 0-1: Ball Cyd Carver steals 2nd base 1-1: Foul Ball, location: 2F 1-2: Foul Ball, location: 2F 1-2: Fly out, F8 (Flyball, 8LS, EV 78.1 MPH)
|
Bottom of the 6th over - 0 runs, 0 hits, 0 errors, 1 left on base; Los Angeles (NYP) 0 - Cincinnati (NYP) 6 |
TOP OF THE 7TH |
Los Angeles (NYP) Dodgers batting - Pitching for Cincinnati (NYP) Reds : LHP Bill Cooksey
|
Batting: RHB Manny Mendoza
|
0-0: Ball 1-0: Ground out 6-3 (Groundball, 6S, EV 82.5 MPH)
|
Batting: LHB Chris Buchan
|
0-0: Foul Ball, location: 2F 0-1: Ball 1-1: Reached on error, E4 (Groundball, 34, EV 102.5 MPH)
|
Batting: RHB Javier Solis
|
0-0: Ball 1-0: Swinging Strike 1-1: Ball 2-1: Called Strike 2-2: Foul Ball, location: 2F 2-2: Ball 3-2: Strikes out swinging
|
Batting: LHB Fernão Manta
|
0-0: Foul Ball, location: 2F 0-1: Foul Ball, location: 2F 0-2: Strikes out swinging
|
Top of the 7th over - 0 runs, 0 hits, 1 error, 1 left on base; Los Angeles (NYP) 0 - Cincinnati (NYP) 6 |
BOTTOM OF THE 7TH |
Cincinnati (NYP) Reds batting - Pitching for Los Angeles (NYP) Dodgers : RHP Troy Conners
|
Batting: RHB Juan Zamora
|
0-0: Swinging Strike 0-1: Foul Ball, location: 2F 0-2: Ball 1-2: Foul Ball, location: 2F 1-2: Ball 2-2: Ball 3-2: Strikes out swinging
|
Batting: RHB Sang-ton Pak
|
0-0: Swinging Strike 0-1: Ball 1-1: Ball 2-1: Called Strike 2-2: Ball 3-2: Strikes out looking
|
Batting: LHB Matt Kennedy
|
0-0: Ball 1-0: Called Strike 1-1: Foul Ball, location: 2F 1-2: Fly out, F9 (Line Drive, 9LM, EV 93.1 MPH)
|
Bottom of the 7th over - 0 runs, 0 hits, 0 errors, 0 left on base; Los Angeles (NYP) 0 - Cincinnati (NYP) 6 |
TOP OF THE 8TH |
Los Angeles (NYP) Dodgers batting - Pitching for Cincinnati (NYP) Reds : LHP Bill Cooksey
|
Batting: LHB Jim Jardine
|
0-0: Swinging Strike 0-1: Swinging Strike 0-2: Foul Ball, location: 2F 0-2: Ball 1-2: Ball 2-2: Strikes out looking
|
Pitching: RHP Danny Felan
|
|
Pinch Hitting: LHB Cliff Thomas
|
0-0: Ball 1-0: Swinging Strike 1-1: Called Strike 1-2: Ball 2-2: Strikes out swinging
|
Batting: RHB Theo Schepers
|
0-0: Fly out, F7 (Flyball, 7, EV 81.9 MPH)
|
Top of the 8th over - 0 runs, 0 hits, 0 errors, 0 left on base; Los Angeles (NYP) 0 - Cincinnati (NYP) 6 |
BOTTOM OF THE 8TH |
Cincinnati (NYP) Reds batting - Pitching for Los Angeles (NYP) Dodgers : RHP Troy Conners
|
Now in RF: Cliff Thomas
|
|
Batting: RHB Pat McCoy
|
0-0: Ball 1-0: Called Strike 1-1: Foul Ball, location: 2F 1-2: Foul Ball, location: 2F 1-2: Foul Ball, location: 2F 1-2: Strikes out swinging
|
Batting: RHB Ben Hinman
|
0-0: Swinging Strike 0-1: Ball 1-1: Ball 2-1: SINGLE (Line Drive, 56, EV 109.4 MPH)
|
Batting: SHB Jaivata Mohanty
|
0-0: Swinging Strike 0-1: Hit by Pitch Ben Hinman to second
|
Batting: LHB Brian Dickeson
|
0-0: Ball 1-0: Ball 2-0: Foul Ball, location: 2F 2-1: Grounds into double play, 3-6-3 (Groundball, 34, EV 106.9 MPH)
|
Bottom of the 8th over - 0 runs, 1 hit, 0 errors, 1 left on base; Los Angeles (NYP) 0 - Cincinnati (NYP) 6 |
TOP OF THE 9TH |
Los Angeles (NYP) Dodgers batting - Pitching for Cincinnati (NYP) Reds : RHP Danny Felan
|
Batting: RHB Ruben Serrata
|
0-0: Ground out 5-3 (Groundball, 56S, EV 82.5 MPH)
|
Batting: SHB Guy Jerome
|
0-0: Called Strike 0-1: Called Strike 0-2: Ball 1-2: Strikes out looking
|
Batting: RHB Manny Mendoza
|
0-0: SINGLE (Line Drive, 34D, EV 98.8 MPH)
|
Batting: LHB Chris Buchan
|
0-0: Ball 1-0: Fielders Choice at 2nd, U6 (Groundball, 4, EV 87.5 MPH)
|
Top of the 9th over - 0 runs, 1 hit, 0 errors, 1 left on base; Los Angeles (NYP) 0 - Cincinnati (NYP) 6 |
|